 Dungeon Crawl Stone Soup version 0.29-a0-653-gd47aff6735 (webtiles) character file.

Game seed: 11452389684745689816

788 zeratav the Archer (level 7, 0/32 HPs)
             Began as a Spriggan Arcane Marksman on June 21, 2022.
             Slain by Prince Ribbit (19 damage)
             ... on level 5 of the Dungeon.
             The game lasted 00:09:15 (4068 turns).

zeratav the Archer (Spriggan Arcane Marksman)       Turns: 4068, Time: 00:09:16

Health: 0/32       AC:  2    Str:  6    XL:     7   Next: 56%
Magic:  9/10       EV: 18    Int: 15    God:
Gold:   236        SH:  0    Dex: 20    Spells: 7/8 levels left

rFire   + . .      SeeInvis +   a - +0 shortbow (vorpal) {bow}
rCold   . . .      Faith    .   (shield currently unavailable)
rNeg    . . .      Spirit   .   b - +0 robe
rPois   .          Reflect  .   (helmet restricted)
rElec   +          Harm     .   (no cloak)
rCorr   .          Rampage  .   (gloves unavailable)
Will    +....                   (boots unavailable)
Stlth   +++.......              (no amulet)
HPRegen 0.10/turn               p - ring of Ligugyeb {rElec Dex+3 SInv}
MPRegen 0.12/turn               j - ring of protection from fire

@: very quick
A: very small, no large weapons, unfitting armour, see invisible, speed 3
a: no special abilities


You were on level 5 of the Dungeon.
You visited 1 branch of the dungeon, and saw 6 of its levels.

You collected 280 gold pieces.
You spent 44 gold pieces at shops.


Innate Abilities, Weirdness & Mutations

You are very small and have problems with some larger weapons.
You are too small for most types of armour.
You have supernaturally acute eyesight. (SInv)
You cover ground extremely quickly. (Speed+++)


   Skills:
 - Level 0.7 Fighting
 - Level 10.0 Bows
 - Level 2.6 Dodging
 + Level 3.9 Stealth
 - Level 1.3 Spellcasting
 - Level 3.6 Hexes


You had 7 spell levels left.
You knew the following spells:

 Your Spells              Type           Power      Damage    Failure   Level
a - Slow                  Hex            44%        N/A       5%          1

Your spell library contained the following spells:

 Spells                   Type           Power      Damage    Failure   Level
 Tukima's Dance           Hex            11%        N/A       16%         3
 Ensorcelled Hibernation  Hex/Ice        12%        N/A       17%         2
 Magic Dart               Conj           4%         1d3       24%         1
 Passwall                 Tmut/Erth      0%         N/A       34%         2
 Searing Ray              Conj           2%         2d4       34%         2
 Inner Flame              Hex/Fire       6%         N/A       34%         3
 Portal Projectile        Hex/Tloc       12%        N/A       34%         3
 Cause Fear               Hex            5%         N/A       47%         4
 Swiftness                Air            1%         N/A       56%         3
 Fulminant Prism          Conj/Hex       3%         3d6       75%         4
 Blade Hands              Tmut           0%         N/A       100%        5

Inventory:

Hand Weapons
 a - a +0 vorpal shortbow (weapon) {bow}
Armour
 b - a +0 robe (worn)
 s - a +0 hat
   (You found it on level 3 of the Dungeon)
Jewellery
 i - a ring of resist corrosion
   (You found it on level 1 of the Dungeon)
 j - a ring of protection from fire (right hand)
   (You found it on level 1 of the Dungeon)
 p - the ring of Ligugyeb (left hand) {rElec Dex+3 SInv}
   (You found it on level 2 of the Dungeon)

   [ring of see invisible]

   Dex:       It affects your dexterity (+3).
   rElec:     It insulates you from electricity.
   SInv:      It lets you see invisible.
Wands
 u - a wand of iceblast (12)
   (You found it on level 3 of the Dungeon)
 v - a wand of polymorph (15)
   (You found it on level 6 of the Dungeon)
 y - a wand of flame (27)
   (You found it on level 6 of the Dungeon)
Scrolls
 c - 2 scrolls of vulnerability {!r!r}
 d - a scroll of torment {!r}
 e - a scroll of amnesia
 f - 5 scrolls of teleportation {@r4}
 h - a scroll of enchant armour
 m - 3 scrolls of fog
 n - 2 scrolls of immolation {!r!r}
 o - a scroll of brand weapon
 w - a scroll of blinking {unknown}
 x - 2 scrolls of enchant weapon {unknown}
 A - a scroll of identify {@r1}
Potions
 g - a potion of curing {unknown}
 k - 2 potions of lignification {unknown}
 l - a potion of might {unknown}
 q - 2 potions of flight {unknown}
 r - a potion of cancellation {unknown}
 t - 3 potions of attraction {unknown}
 z - a potion of degeneration {unknown}

Dungeon Overview and Level Annotations

Branches:
Dungeon (7/15) Zot: 26731
 Temple: D:4-7

Altars:

Shops:
D:2 ::*?   D:3 *

Annotations:
D:3 1 runed translucent door, Crazy Yiuf
D:5 Prince Ribbit

##.##### #.#
#.# #.# #.#
#.# #.#
##F##
#####.@.##
..........#
#.###....##
#..<........
###..####.##
#..# #..#
...# ....


You could see Prince Ribbit.


Message History

Found a stone staircase leading up.
HP[+2]
Your hp is fully restored (32).
You now have 236 gold pieces (gained 8).
You open the door.
There is an open door here.
q - 2 purple potions
f - 5 scrolls of teleportation {@r4} (gained 1)
A black bear comes into view.
The black bear growls angrily.
A quokka comes into view.
You open the door.
A hound comes into view.
There is an open door here.
The hound completely misses you.
You open the door.
The hound pauses to sniff the ground.
The hound misses you.
There is an open door here.
You shoot an arrow. The arrow hits the hound!
You shoot an arrow. The arrow closely misses the hound.
The hound closely misses you.
You shoot an arrow. The arrow hits the hound!
You kill the hound!
Training target 10.0 for Bows reached!
Your Bows skill increases to level 10!
You need to enable at least one skill for training.
Your Stealth skill increases to level 1!
You shoot an arrow.
The arrow hits the black bear but does no damage.
You shoot an arrow. The arrow hits the black bear!
You shoot an arrow. The arrow hits the black bear!
You shoot an arrow. The arrow hits the black bear.
You kill the black bear!
Your Stealth skill gained 2 levels and is now at level 3!
You shoot an arrow. The arrow hits the quokka!
You kill the quokka!
No target in view!
No target in view!
No target in view!
You see here a hound corpse.
You see here a black bear corpse.
There is an open door here.
There is an open door here.
A - a scroll of identify {@r1}
Found an escape hatch in the ceiling.
Prince Ribbit comes into view.
Prince Ribbit gives a loud, deep croak!
An adder comes into view.
You shoot an arrow. The arrow barely misses Prince Ribbit.
The adder hisses angrily.
The arrow hits the adder.
Prince Ribbit sighs, "It's not easy being green!"
You shoot an arrow. The arrow misses Prince Ribbit.
Prince Ribbit blinks!
You shoot an arrow. The arrow hits the adder.
You shoot an arrow. The arrow hits the adder.
You kill the adder!
You shoot an arrow. The arrow closely misses Prince Ribbit.
Prince Ribbit blinks!
You shoot an arrow. The arrow closely misses Prince Ribbit.
Prince Ribbit hits you. Prince Ribbit hits you!
HP[-14]
You take 14 damage, and now have 18/32 hp.
MASSIVE DAMAGE!! (PAUSE)
You are too injured to fight recklessly!
You are too injured to fight recklessly!
You are too injured to fight recklessly!
Casting: Slow (safe; 5% risk of failure)
Confirm with . or Enter, or press ? or * to list all spells.
Aiming: Slow (safe; 5% risk of failure)
Press: ? - help, Shift-Dir - straight line, f/p - Prince Ribbit
Aim: Prince Ribbit (chance to affect: 32%) Prince Ribbit easily resists.
Prince Ribbit blinks!
MP[-1]
You lost 1 mp, and now have 9/10 mp.
You are too injured to fight recklessly!
You are too injured to fight recklessly!
Shoot: a) +0 shortbow (vorpal) {bow}
Press: ? - help, Q - select action, (/) - cycle Shift-Dir - straight line, f/p - Prince Ribbit
Aim: Prince Ribbit (50% to hit)
You shoot an arrow. The arrow hits Prince Ribbit!
Shoot: a) +0 shortbow (vorpal) {bow}
Press: ? - help, Q - select action, (/) - cycle Shift-Dir - straight line, f/p - Prince Ribbit
Aim: Prince Ribbit (moderately wounded, 50% to hit)
You shoot an arrow. The arrow hits Prince Ribbit.
Prince Ribbit blinks!
Prince Ribbit blinks!
Prince Ribbit blinks!
Shoot: a) +0 shortbow (vorpal) {bow}
Press: ? - help, Q - select action, (/) - cycle Shift-Dir - straight line, f/p - Prince Ribbit
Aim: Prince Ribbit (moderately wounded, 50% to hit)
You shoot an arrow. The arrow barely misses Prince Ribbit.
Prince Ribbit barely misses you.
Shoot: a) +0 shortbow (vorpal) {bow}
Press: ? - help, Q - select action, (/) - cycle Shift-Dir - straight line, f/p - Prince Ribbit
Aim: Prince Ribbit (moderately wounded, 50% to hit)
You shoot an arrow. The arrow hits Prince Ribbit.
Prince Ribbit hits you!!
Ouch! That really hurt!
You die...

Skill      XL: |  1  2  3  4  5  6  7 |
---------------+----------------------+-----
Bows           | 3 4 5 7 8 9 10 | 10.0
Stealth        | 3 |  3.9
Fighting       | |  0.7
Dodging        | |  2.6
Spellcasting   | |  1.3
Hexes          | |  3.6

Action                   |  1- 3 |  4- 6 |  7- 9 || total
-------------------------+-------+-------+-------++-------
 Fire: Shortbow          |   117 |   113 |    26 ||   256
 Cast: Slow              |     3 |     9 |     1 ||    13
  Use: Scroll            |     5 |       |     4 ||     9
Armor: Robe              |     7 |     4 |     1 ||    12
Dodge: Dodged            |    54 |    44 |     7 ||   105

Levels and vault maps discovered:
D:1:      sevenhm_arrival_forest_fort_small_6, layout_basic,
          shapermc_ecumenical_altar_mp_ritualfount
D:2:      layout_rooms, serial_shops, nicolae_shop_stone, shop, shop,
          nicolae_diamond_shop, kennysheep_generic_room_4
D:3:      layout_basic, serial_shops, nicolae_shop_trees,
          uniq_crazy_yiuf_cottage
D:5:      layout_loops_corners, uniq_prince_ribbit1
D:6:      layout_rooms
D:7:      layout_layer_cave, grunt_ministairs_1

Notes
Turn   | Place    | Note
-------+----------+-------------------------------------------
     0 | D:1      | zeratav the Spriggan Arcane Marksman began the quest for
                  | the Orb.
     0 | D:1      | Reached XP level 1. HP: 9/9 MP: 3/3
     0 | D:1      | magus.rc [v1.9.6]
    25 | D:1      | Reached skill level 3 in Bows
    25 | D:1      | Reached XP level 2. HP: 14/14 MP: 5/5
   257 | D:1      | Reached skill level 4 in Bows
   587 | D:1      | Found a faded altar of an unknown god.
  1016 | D:2      | Found Caezic's Magic Scroll Shop.
  1021 | D:2      | Identified the ring of Ligugyeb {rElec Dex+3 SInv}
  1035 | D:2      | Bought a scroll of identify for 22 gold pieces
  1035 | D:2      | Bought a scroll of identify for 22 gold pieces
  1081 | D:2      | Reached XP level 3. HP: 16/17 MP: 6/6
  1115 | D:2      | Found Quypas's Book Emporium.
  1120 | D:2      | Found Zodulieph's General Store.
  1196 | D:2      | Found Yvvoa's Book Boutique.
  1199 | D:2      | You pick up a book of Weapons and begin reading...
  1199 | D:2      | You add the spells Tukima's Dance and Blade Hands to your
                  | library.
  1312 | D:2      | Reached skill level 5 in Bows
  1532 | D:3      | Found a runed translucent door.
  1533 | D:3      | Noticed Crazy Yiuf
  1812 | D:3      | Reached XP level 4. HP: 21/21 MP: 7/7
  1813 | D:3      | Found Quoponu's General Store.
  2047 | D:3      | Reached skill level 6 in Bows
  2355 | D:3      | You fall into a shaft and drop 3 floors!
  2383 | D:6      | Noticed a water moccasin
  2498 | D:6      | Killed a water moccasin
  2499 | D:6      | Reached skill level 7 in Bows
  2499 | D:6      | Reached XP level 5. HP: 20/25 MP: 6/8
  2597 | D:6      | You pick up a book of Burglary and begin reading...
  2597 | D:6      | You add the spells Passwall, Ensorcelled Hibernation and
                  | Swiftness to your library.
  2599 | D:6      | Noticed a water moccasin
  2620 | D:6      | Killed a water moccasin
  2621 | D:6      | Reached skill level 8 in Bows
  2621 | D:6      | Reached XP level 6. HP: 29/29 MP: 9/9
  2636 | D:6      | Identified the +4 ring mail of the Flute {rN+ Will+ Str-5}
  2747 | D:6      | You pick up a book of Conjurations {@e2} and begin
                  | reading...
  2747 | D:6      | You add the spells Magic Dart, Searing Ray and Fulminant
                  | Prism to your library.
  2748 | D:6      | Noticed a steam dragon
  2784 | D:6      | HP: 4/29 [something/ball of steam (19)]
  3160 | D:6      | Reached skill level 9 in Bows
  3216 | D:6      | Killed a steam dragon
  3217 | D:6      | Reached XP level 7. HP: 10/32 MP: 10/10
  3659 | D:5      | Entered Level 5 of the Dungeon
  4005 | D:5      | Reached skill level 10 in Bows
  4005 | D:5      | Reached skill level 1 in Stealth
  4009 | D:5      | Reached skill level 3 in Stealth
  4053 | D:5      | Noticed Prince Ribbit
  4068 | D:5      | Slain by Prince Ribbit

Vanquished Creatures
  A steam dragon (D:6)
  2 water moccasins (D:6)
  A black bear (D:5)
  A necrophage (D:6)
  5 hounds
  An iguana (D:6)
  4 adders
  A gnoll (D:1)
  A shadow imp (D:6)
  A dart slug (D:2)
  8 orcs
  2 endoplasms
  4 giant cockroaches
  3 goblins
  2 hobgoblins
  5 jackals
  4 quokkas
  2 ball pythons
  A bat (D:3)
  3 frilled lizards (D:1)
  4 kobolds
  9 rats
65 creatures vanquished.

Table legend:
 A = Non-vault XP
 B = Vault XP
 C = Vault XP percentage of total XP
 D = Non-vault monster count
 E = Vault monster count
 F = Vault count percentage of total count
                 A         B        C        D         E       F
            +---------+---------+-------+---------+---------+-------
      Total |    1113 |      14 |   1.2 |      64 |       1 |   1.5
            +---------+---------+-------+---------+---------+-------
        D:1 |      38 |       0 |   0.0 |      17 |       0 |   0.0
        D:2 |      30 |      14 |  31.8 |      10 |       1 |   9.1
        D:3 |      83 |       0 |   0.0 |      21 |       0 |   0.0
        D:5 |     225 |       0 |   0.0 |       5 |       0 |   0.0
        D:6 |     737 |       0 |   0.0 |      11 |       0 |   0.0
            +---------+---------+-------+---------+---------+-------

Illustrated notes

Table legend:
 A = Kills in this place as a percentage of kills in entire the game.
 B = Kills by you in this place as a percentage of kills by you in the entire game.
 C = Kills by friends in this place as a percentage of kills by friends in the entire game.
 D = Other kills in this place as a percentage of other kills in the entire game.
 E = Experience gained in this place as a percentage of experience gained in the entire game.
 F = Experience gained in this place divided by the number of levels of this place that you have seen.
                   A       B       C       D       E      F
               +-------+-------+-------+-------+-------+----------------------
         Total | 100.0 | 100.0 |   N/A |   N/A | 100.0 | 187.8
       Dungeon | 100.0 | 100.0 |   N/A |   N/A | 100.0 | 187.8
               +-------+-------+-------+-------+-------+----------------------

Table legend: (Time is in decaauts)
 A = Elapsed time spent in this place.
 B = Non-inter-level travel time spent in this place.
 C = Inter-level travel time spent in this place.
 D = Time resting spent in this place.
 E = Time spent auto-exploring this place.
 F = Levels seen in this place.
 G = Mean time per level.
                   A        B        C        D        E       F      G
               +--------+--------+--------+--------+--------+-----+--------+
         Total |   3057 |   3011 |     46 |    817 |   1593 |   6 |  509.5 |
       Dungeon |   3057 |   3011 |     46 |    817 |   1593 |   6 |  509.5 |
               +--------+--------+--------+--------+--------+-----+--------+

Top non-repeatable levels by time:
     D:6: 1040 daAuts
     D:1: 795 daAuts
     D:3: 652 daAuts
     D:2: 300 daAuts
     D:5: 267 daAuts
     D:7: 1 daAuts
